Map: Ascension to Aiur LE

Players

Scarlett - Winner!

  • Race: Zerg Zerg
  • Spawn Location: 5:00

puCK (Nina)

  • Race: Protoss Protoss
  • Spawn Location: 11:00

Event: WCS Montreal 2017

VOD

Have the link to the VOD?

Description

Time

  • Played on: Sept. 8, 2017, 7:33 p.m.
  • Length: 8:38

All games in this series

Show
View Real Time Build Order
Export as new Build Order

Scarlett Zerg - Winner!

Build Orders: Hatch First 

Get SALT Encoding   

  12  0:00  Drone  
  13  0:12  Overlord  
  13  0:16  Drone  
  14  0:30  Drone x2  
  14  0:35  Drone  
  17  0:50  Hatchery  
  17  0:55  Drone  
  17  0:58  Drone  
  18  1:06  Extractor  
  17  1:17  Spawning Pool, Drone  
  17  1:19  Drone  
  18  1:28  Drone  
  19  1:38  Drone  
  20  1:49  Overlord  
  20  2:01  Drone  
  20  2:02  Drone  
  20  2:04  Queen  
  20  2:06  Queen  
  26  2:10  Drone  
  26  2:12  Metabolic Boost  
  26  2:14  Drone  
  28  2:21  Drone  
  29  2:31  Hatchery  
  29  2:34  Zergling x2  
  29  2:36  Drone  
  30  2:40  Drone  
  31  2:47  Pneumatized Carapace  
  31  2:49  Overlord  
  31  2:52  Drone  
  31  2:55  Zergling x2  
  31  2:56  Drone  
  34  3:04  Queen  
  36  3:10  Drone x2  
  36  3:12  Drone x2  
  40  3:17  Drone  
  40  3:18  Drone  
  42  3:21  Overlord  
  42  3:28  Drone x2  
  44  3:40  Drone x2  
  46  3:48  Drone x7, Roach Warren  
  52  3:55  Extractor  
  52  3:56  Extractor, Overlord  
  52  3:57  Queen  
  52  4:02  Drone x2  
  54  4:08  Overlord  
  54  4:11  Lair  
  54  4:14  Extractor  
  53  4:19  Drone x3  
  53  4:23  Overlord  
  56  4:27  Roach x3  
  62  4:33  Roach x2  
  62  4:34  Roach  
  68  4:39  Roach x2  
  68  4:41  Drone  
  68  4:44  Evolution Chamber  
  70  4:53  Roach x2  
  70  4:54  Roach x3  
  80  5:02  Overlord  
  80  5:03  Overlord  
  80  5:05  Overlord  
  80  5:06  Drone  
  81  5:07  Glial Reconstitution  
  81  5:09  Zerg Missile Weapons Level 1  
  81  5:16  Overseer  
  81  5:20  Overlord  
  81  5:22  Roach x3  
  81  5:28  Roach x3  
  93  5:30  Drone  
  94  5:43  Drone x8, Overseer  
  102  6:02  Overlord x4  
  102  6:10  Overlord x2  
  102  6:14  Hydralisk Den, Extractor  
  102  6:15  Extractor  
  99  6:24  Drone x11  
  110  6:29  Roach  
  112  6:37  Drone  
  112  6:38  Drone x2  
  115  6:47  Hydralisk  
  115  6:48  Hydralisk x4  
  115  6:51  Muscular Augments  
  125  6:55  Hatchery  
  125  6:57  Overlord x3  
  125  6:59  Hydralisk  
  126  7:07  Hydralisk  
  128  7:12  Nydus Network, Drone  
  128  7:17  Hydralisk  
  128  7:18  Hydralisk x2  
  134  7:26  Hydralisk x4  
  134  7:28  Overseer  
  142  7:33  Overlord  
  142  7:42  Queen  
  142  7:44  Hydralisk x2  
  142  7:45  Hydralisk x3  
  152  7:57  Nydus Canal  
  152  8:00  Hydralisk  
  152  8:01  Roach, Hydralisk x5  
  152  8:03  Roach  
  168  8:11  Nydus Canal  
  168  8:15  Roach x4  
  168  8:16  Overlord x2  
Show
View Real Time Build Order
Export as new Build Order

puCK Protoss 

Build Orders: 1 Gate Expand, Zealot Archon, Archon Drop 

Get SALT Encoding   

  12  0:00  Probe (Chrono Boost)  
  13  0:11  Probe (Chrono Boost)  
  14  0:17  Pylon  
  14  0:22  Probe (Chrono Boost)  
  15  0:35  Probe (Chrono Boost)  
  16  0:38  Gateway  
  16  0:46  Probe (Chrono Boost)  
  16  0:48  Assimilator  
  17  0:56  Probe (Chrono Boost)  
  18  1:07  Probe (Chrono Boost)  
  19  1:22  Nexus  
  19  1:25  Probe (Chrono Boost)  
  20  1:35  Cybernetics Core  
  20  1:37  Probe (Chrono Boost)  
  21  1:47  Assimilator  
  21  1:48  Probe (Chrono Boost)  
  21  1:54  Pylon  
  22  2:00  Probe (Chrono Boost)  
  23  2:12  Probe (Chrono Boost), Warp Gate, Adept (Chrono Boost)  
  26  2:24  Mothership Core (Chrono Boost)  
  28  2:33  Probe (Chrono Boost)  
  28  2:36  Stalker (Chrono Boost)  
  31  2:44  Probe x2 (Chrono Boost)  
  33  2:51  Twilight Council  
  33  2:55  Probe x2 (Chrono Boost)  
  36  3:05  Probe (Chrono Boost)  
  36  3:06  Probe (Chrono Boost)  
  37  3:12  Robotics Facility  
  37  3:16  Probe x2 (Chrono Boost)  
  39  3:20  Charge (Chrono Boost)  
  39  3:25  Probe (Chrono Boost)  
  39  3:26  Probe (Chrono Boost)  
  41  3:36  Gateway  
  41  3:37  Gateway  
  41  3:38  Probe x2  
  41  3:40  Gateway  
  43  3:47  Pylon  
  43  3:50  Probe x2  
  45  4:02  Probe  
  46  4:05  Probe, Warp Prism (Chrono Boost), Assimilator  
  46  4:06  Assimilator  
  49  4:12  Pylon  
  49  4:14  Probe  
  50  4:17  Probe  
  51  4:24  Pylon  
  51  4:26  Probe  
  51  4:29  Probe  
  53  4:32  Templar Archives  
  53  4:34  Pylon  
  53  4:37  Warp Prism (Chrono Boost)  
  55  4:38  Probe  
  55  4:41  Probe  
  57  4:51  Probe  
  58  4:56  Zealot x4  
  58  4:59  Pylon  
  66  5:04  Probe  
  67  5:10  Nexus  
  67  5:20  Probe  
  67  5:21  Probe  
  69  5:22  Robotics Bay  
  69  5:23  Observer (Chrono Boost)  
  70  5:31  Pylon  
  70  5:32  Probe  
  70  5:33  High Templar x2  
  70  5:34  High Templar  
  77  5:37  Archon  
  77  5:38  High Templar  
  77  5:39  Probe  
  77  5:42  Archon  
  80  5:43  Forge  
  80  5:45  Probe  
  81  5:51  Probe  
  83  5:57  Probe  
  83  6:04  Probe  
  88  6:05  Immortal (Chrono Boost)  
  88  6:07  Robotics Facility  
  86  6:12  Pylon  
  86  6:13  Blink  
  86  6:14  Pylon  
  86  6:15  Probe  
  86  6:16  Pylon  
  87  6:18  Pylon  
  87  6:21  Pylon  
  87  6:25  Probe  
  88  6:31  Probe x2  
  89  6:33  Assimilator  
  89  6:35  Assimilator  
  89  6:37  Probe, Gateway  
  89  6:38  Disruptor (Chrono Boost), Sentry  
  96  6:43  Probe  
  96  6:45  Probe  
  98  6:51  Probe, Sentry  
  101  7:03  Probe  
  101  7:06  Disruptor (Chrono Boost), Gateway x2  
  105  7:11  Disruptor (Chrono Boost)  
  108  7:18  Pylon  
  108  7:28  Sentry x2  
  112  7:34  Pylon  
  112  7:38  Pylon  
  112  7:40  Pylon  
  112  7:41  Zealot x3  
  108  7:50  Disruptor (Chrono Boost)  
  114  7:55  Disruptor (Chrono Boost)  
  114  7:57  Stalker x3  
  120  8:03  Pylon  
  120  8:04  Photon Cannon  
  120  8:05  Pylon  
  120  8:06  Photon Cannon  
  120  8:10  Pylon  
  120  8:11  Photon Cannon  
  120  8:12  Pylon  
  120  8:13  Photon Cannon  
  120  8:14  Pylon  
  120  8:15  Pylon  
  120  8:16  Photon Cannon  
  120  8:17  Zealot x2  
  120  8:18  Zealot x2  
  119  8:32  Stalker x2  
  119  8:33  Stalker  
Tags
 
Add a new tag
Caveats
  • Supply blocks, unpowered buildings, or Contaminate may cause inaccurate times.
  • Supply counts are checked every 10 seconds.